 Dungeon Crawl Stone Soup version 0.31-a0-267-g3fc6992b3b (webtiles) character file.

Game seed: 16368783059615157211

6562 qw the Skirmisher (level 10, -8/91 HPs)
             Began as a Minotaur Hexslinger on July 13, 2023.
             Was a Follower of Okawaru.
             Succumbed to orange demon's concentrated venom
             ... on level 10 of the Dungeon.
             The game lasted 00:03:23 (10761 turns).

qw the Skirmisher (Minotaur Hexslinger)            Turns: 10761, Time: 00:03:23

Health: -8/91      AC:  7    Str: 13    XL:     10   Next: 70%
Magic:  10/12      EV: 18    Int:  8    God:    Okawaru [*.....]
Gold:   269        SH:  5    Dex: 17    Spells: 10/11 levels left

rFire   . . .        Y - +0 arbalest (drain)
rCold   . . .        (shield currently unavailable)
rNeg    + . .        j - +0 ring mail of Limited Liability {Fly rN+ Stlth-}
rPois   .            (helmet restricted)
rElec   .            k - +0 cloak
rCorr   .            g - +0 pair of gloves
SInv    .            (no boots)
Will    +....        h - amulet of reflection
Stlth   +            e - ring of willpower
HPRegen 0.35/turn    r - +2 ring of evasion
MPRegen 0.13/turn

%: reflection, clarity
@: lethally poisoned (-8 -> -34), about to teleport, heroic, flying, slowed,
very slow
A: horns 2, retaliatory headbutt, clarity, deformed body, dopey 1
a: Renounce Religion, Heroism


You were on level 10 of the Dungeon.
You worshipped Okawaru.
Okawaru was aware of your devotion.
You visited 2 branches of the dungeon, and saw 11 of its levels.

You collected 534 gold pieces.
You spent 265 gold pieces at shops.


Innate Abilities, Weirdness & Mutations

You have a pair of horns on your head.
You reflexively headbutt those who attack you in melee.
You possess an exceptional clarity of mind.
Armour fits poorly on your strangely shaped body.
You are dopey. (Int -2)


   Skills:
 - Level 9.1(14.1) Fighting
 + Level 13.8(18.8) Ranged Weapons
 - Level 4.4(9.4) Armour
 - Level 5.2(10.2) Dodging
 - Level 1.0 Spellcasting
 - Level 2.0 Hexes
 - Level 4.1 Invocations


You had 10 spell levels left.
You knew the following spells:

 Your Spells              Type           Power      Damage    Failure   Level
a - Slow                  Hex            12%        N/A       32%         1

Your spell library contained the following spells:

 Spells                   Type           Power      Damage    Failure   Level
 Inner Flame              Hex/Fire       2%         N/A       82%         3
 Portal Projectile        Hex/Tloc       4%         N/A       82%         3
 Cause Fear               Hex            1%         N/A       97%         4

Inventory:

Hand Weapons
 Y - a +0 arbalest of draining (weapon)
Armour
 g - a +0 pair of gloves (worn)
 j - the +0 ring mail of Limited Liability (worn) {Fly rN+ Stlth-}
   (You found it on level 5 of the Dungeon)

   rN:        It protects you from negative energy.
   Fly:       It grants you flight.
   Stlth:     It makes you less stealthy.
 k - a +0 cloak (worn)
 m - a +1 leather armour of fire resistance
 p - +0 acid dragon scales
 q - the +0 leather armour of Cidgh {rN+ Str+3 Stlth-}
   (You found it on level 10 of the Dungeon)

   Str:       It affects your strength (+3).
   rN:        It protects you from negative energy.
   Stlth:     It makes you less stealthy.
Jewellery
 b - a ring of fire
 e - a ring of willpower (left hand)
 h - an amulet of reflection (around neck)
 i - a ring of fire
 n - a +6 ring of strength
 r - a +2 ring of evasion (right hand)
Scrolls
 c - 4 scrolls of identify
Potions
 a - a potion of haste
 d - a potion of curing
 f - 3 potions of mutation
 l - a potion of cancellation
 o - a potion of might

Dungeon Overview and Level Annotations

Branches:
Dungeon (10/15)            Temple (1/1) D:5            Lair (0/5) D:10
    Orc: D:9-12

Altars:
Ashenzari
Cheibriados
Dithmenos
Elyvilon
Fedhas
Gozag
Hepliaklqana
Kikubaaqudgha
Makhleb
Nemelex Xobeh
Okawaru
Ru
Sif Muna
Trog
Uskayaw
Vehumet
Wu Jian
Xom
Yredelemnul
Zin
The Shining One

Shops:
D:4 [   D:8 [((=(   D:9 *

Annotations:
D:7 exclusion: 5 electric eels


Message History

You block the scorpion's attack.
The scorpion stings you but does no damage.
You shoot a bolt. The bolt hits Amaemon!!
Amaemon is severely wounded.
You feel sick.
The scorpion stings you but does no damage.
You block the scorpion's attack. You block the orange demon's attack.
Amaemon gestures at the orange demon while chanting.
The orange demon seems to grow toxic.
The scorpion completely misses you. The scorpion barely misses you.
You shoot a bolt. The bolt completely misses Amaemon.
You feel sick. The scorpion stings you. The orange demon misses you.
The scorpion misses you. Amaemon closely misses you. You furiously retaliate!
You headbutt Amaemon! Amaemon closely misses you. Amaemon barely misses you.
The scorpion misses you. You furiously retaliate!
You headbutt the scorpion.
The scorpion stings you but does no damage.
You shoot a bolt. The bolt hits Amaemon!!!
You kill Amaemon!
Okawaru accepts your kill.
The scorpion disappears in a puff of smoke! x3
You feel like a meek peon again.
You feel sick. The orange demon stings you from afar.
The orange demon stings you from afar!
You are more poisoned.
You have difficulty breathing.
You feel yourself slow down.
10759 ||| INVOKING Heroism.
You gain the combat prowess of a mighty hero.
You feel extremely sick.
The orange demon stings you but does no damage.
You shoot a bolt. The bolt hits the orange demon!
The orange demon is moderately wounded.
You feel very sick. The orange demon stings you from afar.
The orange demon stings you from afar!
You are more poisoned.
You have difficulty breathing.
You feel as though you will be slow longer.
10761 ||| READING scroll of teleportation.
As you read the scroll of teleportation, it crumbles to dust.
You feel strangely unstable.
You die...

#...#
#.#
#####
#.# #.#
###.#
..#.#
#.#.#
#.#.#
#.#.####
#...@).#
#...##4#
#...# .#
#...# 6#
#.... ..
#...####
#....
##..#


You could see an orange demon (curare).

Vanquished Creatures
  A boulder beetle (D:10)
  Amaemon (D:10)
  A manticore (D:10)
  A troll (D:7)
  3 wyverns
  3 yaks (D:9)
  4 fire bats (D:8)
  An acid dragon (D:8)
  A hell hound (D:8)
  An ice beast (D:8)
  An orc warrior (D:8)
  4 ogres
  2 sky beasts
  3 centaurs
  Blork the orc (D:6)
  4 bullfrogs
  A scorpion (D:7)
  3 killer bees (D:10)
  2 howler monkeys
  12 electric eels
  2 lava snakes (D:8)
  3 hounds
  2 jellies
  7 orc priests
  A sleepcap (D:5)
  A gnoll bouda (D:7)
  6 iguanas
  14 orc wizards
  5 adders
  4 gnolls (D:3)
  3 white imps
  An ufetubus (D:6)
  2 worms
  2 dart slugs (D:1)
  18 orcs
  7 ball pythons
  6 bats
  3 endoplasms
  6 giant cockroaches
  3 goblins
  9 hobgoblins
  4 quokkas
  3 frilled lizards (D:1)
  7 kobolds
  7 rats
  3 fire vortices (D:8)
179 creatures vanquished.

Vanquished Creatures (others)
  An orc wizard (D:4)
1 creature vanquished.

Grand Total: 180 creatures vanquished

Notes
Turn   | Place    | Note
-------+----------+-------------------------------------------
     0 | D:1      | qw the Minotaur Hexslinger began the quest for the Orb.
     0 | D:1      | Reached XP level 1. HP: 16/16 MP: 1/1
     0 | D:1      | 0 ||| qw: Version: 0.3-a-52-g30416fa
     0 | D:1      | 0 ||| qw: Game counter: 7729
     0 | D:1      | 0 ||| qw: Melee chars always use a shield: true
     0 | D:1      | 0 ||| qw: God list: Okawaru
     0 | D:1      | 0 ||| qw: Allow faded altars: false
     0 | D:1      | 0 ||| qw: Do Orc after clearing Dungeon:15 true
     0 | D:1      | 0 ||| qw: Do second Lair branch before Depths: true
     0 | D:1      | 0 ||| qw: Lair rune preference: random
     0 | D:1      | 0 ||| qw: Goals: Normal
     0 | D:1      | 0 ||| PLANNING D:1-11
    76 | D:1      | Reached skill level 3 in Ranged Weapons
    76 | D:1      | Reached XP level 2. HP: 23/23 MP: 2/2
   565 | D:1      | Reached XP level 3. HP: 29/29 MP: 3/3
   797 | D:1      | 797 ||| READING scroll labelled SEXETWURPHA.
   849 | D:1      | 849 ||| READING scroll labelled VYHAINGAJA.
   850 | D:1      | 850 ||| DROPPING scroll of poison.
   863 | D:2      | 863 ||| STAIRDANCE
   946 | D:2      | 946 ||| UPGRADING to +0 leather armour.
   969 | D:2      | 969 ||| DROPPING +0 robe.
   971 | D:2      | 971 ||| UPGRADING to ring of willpower.
   977 | D:2      | Reached skill level 4 in Ranged Weapons
  1404 | D:2      | 1404 ||| SWAPPING to +0 arbalest.
  1406 | D:2      | 1406 ||| DROPPING +1 sling.
  1463 | D:2      | 1463 ||| UPGRADING to amulet of reflection.
  1468 | D:2      | 1468 ||| READING scroll labelled CUNAHU IJIOTAE.
  1469 | D:2      | 1469 ||| READING 4 scrolls of identify.
  1469 | D:2      | 1469 ||| IDENTIFYING bubbling pink potion
  1470 | D:2      | 1470 ||| READING 3 scrolls of identify.
  1470 | D:2      | 1470 ||| IDENTIFYING glowing blue potion
  1471 | D:2      | 1471 ||| READING 2 scrolls of identify.
  1471 | D:2      | 1471 ||| IDENTIFYING amethyst potion
  1472 | D:2      | 1472 ||| DROPPING potion of invisibility.
  1473 | D:2      | 1473 ||| DROPPING potion of degeneration.
  1542 | D:3      | Reached XP level 4. HP: 32/36 MP: 4/4
  1542 | D:3      | 1542 ||| FLEEEEING.
  1543 | D:3      | 1543 ||| FLEEEEING.
  1685 | D:3      | Reached skill level 5 in Ranged Weapons
  2268 | D:3      | 2268 ||| UPGRADING to ring of positive energy.
  2269 | D:3      | 2269 ||| READING 6 scrolls of identify.
  2269 | D:3      | 2269 ||| IDENTIFYING golden potion
  2270 | D:3      | 2270 ||| READING 5 scrolls of identify.
  2270 | D:3      | 2270 ||| IDENTIFYING fuming red potion
  2271 | D:3      | 2271 ||| DROPPING potion of ambrosia.
  2283 | D:4      | 2283 ||| STAIRDANCE
  2284 | D:4      | Reached skill level 3 in Fighting
  2309 | D:4      | 2309 ||| STAIRDANCE
  2317 | D:3      | Reached XP level 5. HP: 17/45 MP: 5/5
  2550 | D:4      | Found Fyetel's Antique Armour Boutique.
  2645 | D:4      | Reached skill level 6 in Ranged Weapons
  3106 | D:4      | Reached XP level 6. HP: 38/52 MP: 6/6
  3106 | D:4      | 3106 ||| FLEEEEING.
  3107 | D:4      | 3107 ||| FLEEEEING.
  3108 | D:4      | 3108 ||| FLEEEEING.
  3109 | D:4      | 3109 ||| FLEEEEING.
  3110 | D:4      | 3110 ||| FLEEEEING.
  3111 | D:4      | 3111 ||| FLEEEEING.
  3112 | D:4      | 3112 ||| FLEEEEING.
  3113 | D:4      | 3113 ||| FLEEEEING.
  3129 | D:4      | 3129 ||| FLEEEEING.
  3581 | D:4      | 3581 ||| BUYING dyed leather armour (130 gold).
  3581 | D:4      | Bought a dyed leather armour for 130 gold pieces
  3581 | D:4      | 3581 ||| UPGRADING to +1 leather armour of fire resistance.
  3591 | D:4      | 3591 ||| DROPPING +0 leather armour.
  3592 | D:4      | 3592 ||| READING 2 scrolls labelled VYUCHU ISOIR.
  3593 | D:4      | 3593 ||| READING 2 scrolls labelled GOMISTROPAE.
  3597 | D:4      | 3597 ||| READING scroll labelled BAADAO JUKH.
  3598 | D:4      | 3598 ||| READING 5 scrolls of identify.
  3598 | D:4      | 3598 ||| IDENTIFYING blue potion
  3599 | D:4      | 3599 ||| DROPPING scroll of noise.
  3622 | D:5      | Entered Level 5 of the Dungeon
  3625 | D:5      | 3625 ||| STAIRDANCE
  3738 | D:5      | Found a staircase to the Ecumenical Temple.
  3739 | D:5      | 3739 ||| PLANNING TEMPLE
  3749 | D:5      | Reached skill level 7 in Ranged Weapons
  3897 | Temple   | Entered the Ecumenical Temple
  3914 | Temple   | 3914 ||| PLANNING OKAWARU WORSHIP
  3961 | Temple   | Became a worshipper of Warmaster Okawaru
  3962 | Temple   | 3962 ||| PLANNING D:1-11
  4064 | D:5      | Reached XP level 7. HP: 59/59 MP: 7/7
  4241 | D:5      | HP: 4/59 [ogre/+0 giant spiked club (12)]
  4242 | D:5      | 4242 ||| READING scroll of teleportation.
  4245 | D:5      | Reached skill level 8 in Ranged Weapons
  4473 | D:5      | Identified the +0 ring mail of Limited Liability {Fly rN+
                  | Stlth-}
  4610 | D:5      | 4610 ||| UPGRADING to +0 ring mail of Limited Liability
                  | {Fly rN+ Stlth-}.
  4620 | D:5      | 4620 ||| READING scroll labelled MEANNA KYXE.
  4621 | D:5      | 4621 ||| READING scroll labelled PUBAIWK ISME.
  4622 | D:5      | 4622 ||| READING scroll labelled MECLIA IMNA.
  4645 | D:6      | Found a broken altar of Ashenzari.
  4648 | D:6      | Found a burning altar of Makhleb.
  4648 | D:6      | Found a blossoming altar of Fedhas.
  4649 | D:6      | Noticed Blork the orc
  4653 | D:6      | Killed Blork the orc
  4762 | D:6      | Reached * piety under Okawaru
  4890 | D:6      | 4890 ||| INVOKING Heroism.
  5130 | D:6      | 5130 ||| INVOKING Heroism.
  5135 | D:6      | Reached XP level 8. HP: 68/68 MP: 5/8
  5194 | D:6      | 5194 ||| INVOKING Heroism.
  5195 | D:6      | Reached skill level 9 in Ranged Weapons
  5195 | D:6      | Reached skill level 1 in Invocations
  5561 | D:6      | 5561 ||| DROPPING +6 ring of intelligence.
  5562 | D:6      | 5562 ||| READING 2 scrolls labelled ALUYFE CUQO.
  5563 | D:6      | 5563 ||| READING 7 scrolls of identify.
  5563 | D:6      | 5563 ||| IDENTIFYING orange potion
  5564 | D:6      | 5564 ||| READING 6 scrolls of identify.
  5564 | D:6      | 5564 ||| IDENTIFYING glowing cyan potion
  5565 | D:6      | 5565 ||| DROPPING potion of berserk rage.
  5566 | D:6      | 5566 ||| DROPPING scroll of amnesia.
  5567 | D:6      | 5567 ||| DROPPING potion of lignification.
  5587 | D:7      | 5587 ||| STAIRDANCE
  5626 | D:7      | Reached skill level 3 in Dodging
  5693 | D:7      | 5693 ||| INVOKING Heroism.
  5831 | D:7      | 5831 ||| INVOKING Heroism.
  5838 | D:7      | Reached skill level 6 in Fighting
  6106 | D:7      | 6106 ||| Stepping ~*~*~tactically~*~*~ (outnumbered).
  6113 | D:7      | 6113 ||| INVOKING Heroism.
  6121 | D:7      | Reached skill level 10 in Ranged Weapons
  6367 | D:7      | 6367 ||| INVOKING Heroism.
  6373 | D:7      | Reached skill level 3 in Invocations
  6441 | D:7      | 6441 ||| FLEEEEING.
  6452 | D:7      | 6452 ||| INVOKING Heroism.
  6533 | D:7      | Noticed a troll
  6540 | D:7      | Killed a troll
  6541 | D:7      | Reached XP level 9. HP: 26/79 MP: 10/10
  6931 | D:7      | 6931 ||| FLEEEEING.
  6932 | D:7      | 6932 ||| FLEEEEING.
  6933 | D:7      | 6933 ||| FLEEEEING.
  6934 | D:7      | 6934 ||| FLEEEEING.
  6936 | D:7      | 6936 ||| FLEEEEING.
  6937 | D:7      | 6937 ||| INVOKING Heroism.
  6971 | D:7      | 6971 ||| INVOKING Heroism.
  6980 | D:7      | 6980 ||| UPGRADING to +6 ring of strength.
  6982 | D:7      | HP: 19/79 [electric eel/bolt of electricity (9)]
  6983 | D:7      | 6983 ||| READING scroll of teleportation.
  7267 | D:7      | 7267 ||| FLEEEEING.
  7427 | D:7      | 7427 ||| READING 2 scrolls labelled CIMOTSEXTI.
  7428 | D:7      | 7428 ||| FLEEEEING.
  7528 | D:7      | 7528 ||| DRINKING 2 cyan potions.
  7528 | D:7      | Gained mutation: Armour fits poorly on your strangely
                  | shaped body. [potion of mutation]
  7528 | D:7      | Gained mutation: You are dopey. (Int -2) [potion of
                  | mutation]
  7528 | D:7      | Gained mutation: You possess an exceptional clarity of
                  | mind. [potion of mutation]
  7529 | D:7      | 7529 ||| READING 5 scrolls of identify.
  7529 | D:7      | 7529 ||| IDENTIFYING sedimented purple potion
  7530 | D:7      | 7530 ||| READING 4 scrolls of identify.
  7530 | D:7      | 7530 ||| IDENTIFYING brown potion
  7531 | D:7      | 7531 ||| DROPPING scroll of immolation.
  7594 | D:8      | Found Ysapike's Armour Emporium.
  7594 | D:8      | Noticed an animated crystal plate armour
  7594 | D:8      | Noticed an animated shadow dragon scales
  7603 | D:8      | 7603 ||| BUYING +0 pair of gloves (63 gold).
  7603 | D:8      | Bought a +0 pair of gloves for 63 gold pieces
  7603 | D:8      | 7603 ||| SHOPLISTING +1 leather armour "Zim Joef" {Drain
                  | Regen+ Int+4} (235 gold, have 198).
  7603 | D:8      | 7603 ||| SHOPLISTING +2 pair of boots (231 gold, have 198).
  7603 | D:8      | 7603 ||| SHOPLISTING +2 pair of gloves (231 gold, have
                  | 198).
  7628 | D:8      | 7628 ||| Stepping ~*~*~tactically~*~*~ (outnumbered).
  7646 | D:8      | Found Mesaic's One-of-a-Kind Rings.
  7650 | D:8      | 7650 ||| INVOKING Heroism.
  7653 | D:8      | 7653 ||| Stepping ~*~*~tactically~*~*~ (outnumbered).
  7671 | D:8      | Found Wisaubb's Weapon Shop.
  7675 | D:8      | 7675 ||| BUYING +2 ring of evasion (72 gold).
  7675 | D:8      | Bought a +2 ring of evasion for 72 gold pieces
  7675 | D:8      | 7675 ||| SHOPLISTING ring "Ilaiff" {Drain rPois MP+9 Dex+2}
                  | (534 gold, have 126).
  7718 | D:8      | Found Qidwedad's Antique Weapon Emporium.
  7784 | D:8      | Found Jiest's Antique Weapon Shoppe.
  7785 | D:8      | You are sucked into a shaft and drop 2 floors!
  7785 | D:10     | Entered Level 10 of the Dungeon
  7831 | D:10     | 7831 ||| Stepping ~*~*~tactically~*~*~ (outnumbered).
  7833 | D:10     | 7833 ||| Stepping ~*~*~tactically~*~*~ (outnumbered).
  7842 | D:10     | Reached skill level 11 in Ranged Weapons
  7851 | D:10     | 7851 ||| INVOKING Heroism.
  7924 | D:10     | 7924 ||| INVOKING Heroism.
  8110 | D:10     | 8110 ||| UPGRADING to +0 pair of gloves.
  8115 | D:10     | 8115 ||| DROPPING ring of positive energy.
  8116 | D:10     | 8116 ||| UPGRADING to +2 ring of evasion.
  8124 | D:10     | 8124 ||| INVOKING Heroism.
  8159 | D:9      | 8159 ||| INVOKING Heroism.
  8165 | D:9      | Reached skill level 3 in Armour
  8189 | D:9      | 8189 ||| INVOKING Heroism.
  8385 | D:9      | Found Gozag's Platinum Reserve.
  8385 | D:9      | Found an opulent altar of Gozag.
  8394 | D:9      | 8394 ||| SHOPLISTING +0 pair of gloves of Geleaclic {Fly
                  | rC++} (3110 gold, have 146).
  8394 | D:9      | 8394 ||| SHOPLISTING ring of Luwul {Contam Fly rCorr MP+9
                  | Dex+6} (4170 gold, have 146).
  8394 | D:9      | 8394 ||| SHOPLISTING ring of the Mantidfly {rN++ MP+9 Int-2
                  | Dex+2 Stlth+} (4030 gold, have 146).
  8477 | D:9      | 8477 ||| INVOKING Heroism.
  8479 | D:9      | Reached skill level 12 in Ranged Weapons
  8482 | D:9      | HP: 17/79 [yak (12)]
  8483 | D:9      | 8483 ||| READING scroll of teleportation.
  8484 | D:9      | 8484 ||| DRINKING potion of heal wounds.
  8689 | D:9      | 8689 ||| UPGRADING to +0 cloak.
  8743 | D:8      | 8743 ||| INVOKING Heroism.
  8756 | D:8      | Reached XP level 10. HP: 52/88 MP: 10/12
  8761 | D:8      | 8761 ||| INVOKING Heroism.
  8871 | D:8      | Identified the +3 short sword "Zettemeu" {heavy, *Noise rF+
                  | rC++ rCorr}
  9266 | D:9      | 9266 ||| STAIRDANCE
  9269 | D:8      | 9269 ||| INVOKING Heroism.
  9440 | D:9      | Found a hazy altar of Hepliaklqana.
 10020 | D:9      | 10020 ||| READING scroll labelled REMMIJIF SOON.
 10028 | D:10     | 10028 ||| INVOKING Heroism.
 10033 | D:10     | 10033 ||| Stepping ~*~*~tactically~*~*~ (outnumbered).
 10219 | D:10     | Identified the +0 leather armour of Cidgh {rN+ Str+3
                  | Stlth-}
 10313 | D:10     | Found a staircase to the Lair.
 10339 | D:10     | Noticed a boulder beetle
 10340 | D:10     | 10340 ||| INVOKING Heroism.
 10350 | D:10     | Killed a boulder beetle
 10351 | D:10     | Reached skill level 13 in Ranged Weapons
 10370 | D:10     | Noticed a manticore
 10370 | D:10     | 10370 ||| INVOKING Heroism.
 10380 | D:10     | Killed a manticore
 10381 | D:10     | Reached skill level 9 in Fighting
 10742 | D:10     | Noticed Amaemon
 10742 | D:10     | Noticed an orange demon
 10743 | D:10     | 10743 ||| Stepping ~*~*~tactically~*~*~ (outnumbered).
 10745 | D:10     | 10745 ||| Stepping ~*~*~tactically~*~*~ (outnumbered).
 10747 | D:10     | 10747 ||| INVOKING Heroism.
 10758 | D:10     | Killed Amaemon
 10759 | D:10     | 10759 ||| INVOKING Heroism.
 10760 | D:10     | HP: 20/91 [poisoned by orange demon (concentrated venom)]
 10760 | D:10     | HP: 7/91 [orange demon[Amaemon] (11)]
 10760 | D:10     | HP: 1/91 [asphyx]
 10761 | D:10     | 10761 ||| READING scroll of teleportation.
 10761 | D:10     | Succumbed to orange demon's concentrated venom

Levels and vault maps discovered:
D:1:      mrwooster_arrival_statue, layout_basic
D:2:      layout_loops_ring, due_unseen_surprise
D:3:      layout_loops_ring, serial_aquarium, aquarium_bridge_square
          [aquarium_subvault_wall, aquarium_subvault_bridge,
          aquarium_subvault_wall, aquarium_subvault_wall],
          aquarium_bridge_long_separate [aquarium_subvault_wall,
          aquarium_subvault_bridge, aquarium_subvault_balcony,
          aquarium_subvault_bridge, aquarium_subvault_bridge,
          aquarium_subvault_window], aquarium_window_1, aquarium_window_double,
          aquarium_window_3, aquarium_view_2e, aquarium_pool_S
D:4:      layout_layer_cave, serial_shops, nicolae_inconvenience_store
D:5:      layout_loops_cross, minmay_temple_entry_mini_moons
D:6:      layout_basic, grunt_temple_overflow_open, roderic_lattice_a,
          uniq_blork_the_orc
D:7:      minmay_general_purpose_star, layout_loops_corners, serial_bayou,
          serial_bayou_shore_a, serial_bayou_lagoon_b, serial_bayou_lagoon_a,
          serial_bayou_ford_a, serial_bayou_pond_a, serial_bayou_crossing
D:8:      layout_loops_ring, serial_shops, nicolae_shop_mannequins, shop,
          nicolae_shop_tiny_statue_garden, shop_statue,
          nicolae_shop_unique_rings, hangedman_incinerator
D:9:      layout_grid_maze, nzn_hepliaklqana_mist_gate,
          nicolae_gozag_zags_fifth_avenue
D:10:     layout_basic, nicolae_qazlal_eye_of_the_storm, lair_entry_dummy,
          uniq_amaemon
Temple:   nicolae_temple_x_marks_the_god

Skill      XL: |  1  2  3  4  5  6  7  8  9 10 |
---------------+-------------------------------+-----
Ranged Weapons | 3 4 5 6 7 8 10 12 13 | 13.8
Fighting       | 2 3 4 5 7 8 9 |  9.1
Armour         | 2 4 |  4.4
Invocations    | 3 4 |  4.1
Dodging        | 3 4 5 |  5.2
Spellcasting   | |  1.0
Hexes          | |  2.0

Action                     |  1- 3 |  4- 6 |  7- 9 | 10-12 || total
---------------------------+-------+-------+-------+-------++-------
   Fire: Sling             |    99 |       |       |       ||    99
         Arbalest          |    10 |   116 |   235 |    78 ||   439
 Invoke: Heroism           |       |       |    18 |     7 ||    25
    Use: Scroll            |     6 |     6 |    12 |     2 ||    26
         Potion            |       |       |     2 |       ||     2
 Armour: Robe              |     4 |       |       |       ||     4
         Leather armour    |       |    19 |       |       ||    19
         Ring mail         |       |       |    28 |    10 ||    38
  Dodge: Dodged            |    26 |    26 |    72 |    49 ||   173
  Block: Other             |     1 |    11 |    26 |    13 ||    51
         Reflection        |       |       |     4 |     1 ||     5

Table legend:
 A = Non-vault XP
 B = Vault XP
 C = Vault XP percentage of total XP
 D = Non-vault monster count
 E = Vault monster count
 F = Vault count percentage of total count
                 A         B        C        D         E       F
            +---------+---------+-------+---------+---------+-------
      Total |    7101 |    2274 |  24.3 |     162 |      15 |   8.5
            +---------+---------+-------+---------+---------+-------
        D:1 |      54 |       0 |   0.0 |      29 |       0 |   0.0
        D:2 |      14 |       0 |   0.0 |       8 |       0 |   0.0
        D:3 |     116 |       0 |   0.0 |      19 |       0 |   0.0
        D:4 |     355 |       0 |   0.0 |      17 |       0 |   0.0
        D:5 |     442 |       0 |   0.0 |      13 |       0 |   0.0
        D:6 |     572 |      90 |  13.6 |      16 |       1 |   5.9
        D:7 |    1195 |     372 |  23.7 |      21 |       6 |  22.2
        D:8 |    1007 |    1049 |  51.0 |       8 |       7 |  46.7
        D:9 |     978 |       0 |   0.0 |      10 |       0 |   0.0
       D:10 |    2368 |     763 |  24.4 |      21 |       1 |   4.5
            +---------+---------+-------+---------+---------+-------
